[Event "Rudolf Teschner GT 2022"]
[Site "Berlin"]
[Date "2022.05.27"]
[Round "4.2"]
[White "Mieck, Jale"]
[Black "Florstedt, Johannes"]
[Result "0-1"]
[ECO "B94"]
[WhiteElo "1913"]
[BlackElo "2365"]
[Annotator "TA"]
[PlyCount "44"]
[EventDate "2022.05.25"]
[EventType "swiss"]
[EventCountry "GER"]
[SourceTitle "playchess.com"]
[Source "ChessBase"]
[SourceQuality "1"]
[TimeControl "5400+30"]

1. e4 c5 2. Nf3 d6 3. d4 cxd4 4. Nxd4 Nf6 5. Nc3 a6 6. Bg5 Nbd7 7. Qe2 {[%emt 0:01:35] 7.Qe2 is a critical line. B94: Sicilian Najdorf: 6 Bg5 Nbd7.} h6 8. Bh4 g6 9. f4 {[%emt 0:00:23] The position is equal.} e5 10. fxe5 dxe5 {[%emt 0:00:10] [#]} 11. O-O-O $1 Qc7 ({Weaker is} 11... exd4 12. e5 Bc5 13. exf6+ Kf8 14. Ne4 $16) 12. Nd5 Nxd5 13. exd5 Bd6 14. Ne6 $2 fxe6 $17 {[%emt 0:08:08] [#]} 15. dxe6 $146 {[%emt 0:02:23] Hoping for Qf3.} ({Predecessor:} 15. Qd3 Nf8 16. Be2 exd5 17. Qxd5 Bf5 18. c3 Be7 19. Bg3 Bg5+ {0-1 (19) Peat,M (2014)-Can,E (2578) Reykjavik 2017}) 15... Nf8 16. Qf3 (16. Qd2 {might work better.} Be7 17. Bxe7 Qxe7 18. Bd3) 16... Bxe6 $19 17. Qf6 Rg8 {[%emt 0:10:59][%cal Oe6f5] White must now prevent ...Bf5!} 18. Rxd6 Qxd6 19. Bd3 {[%emt 0:01:28] [#]} Qd8 $1 20. Qf2 (20. Qxd8+ Rxd8) 20... Qd4 {[%emt 0:02:56] Black is clearly winning.} 21. Qe1 g5 22. Bf2 Qd5 {[%emt 0:03:14] Weighted Error Value: White=0.54/Black=0.11 (very precise)} 0-1

[Event "Rudolf Teschner GT 2022"]
[Site "Berlin"]
[Date "2022.05.27"]
[Round "4.3"]
[White "Klenburg, Michael"]
[Black "Tiarks, Jann-Christian"]
[Result "1-0"]
[ECO "B20"]
[WhiteElo "2346"]
[BlackElo "2211"]
[Annotator "TA"]
[PlyCount "91"]
[EventDate "2022.05.25"]
[EventType "swiss"]
[EventCountry "GER"]
[SourceTitle "playchess.com"]
[Source "ChessBase"]
[SourceQuality "1"]
[TimeControl "5400+30"]

1. e4 c5 2. d3 Nc6 3. g3 g6 4. Bg2 Bg7 5. f4 d6 6. Nf3 e6 7. O-O Nge7 8. c3 O-O 9. Be3 Rb8 10. Re1 {[%emt 0:00:48] B20: Sicilian: Unusual White 2nd moves.} b5 11. d4 cxd4 12. cxd4 {[%emt 0:00:08] The position is equal.} d5 13. e5 {[%emt 0:00:53] [#]} Bd7 $146 ({Predecessor:} 13... a5 14. Nc3 Bd7 15. Bf1 Na7 16. Ne2 b4 17. Nc1 Qb6 18. Nd3 Rfc8 19. Nc5 Be8 {½-½ (41) Burovic,I (2332)-Stojanovic,M (2263) Arandjelovac 2018}) 14. Nbd2 Na5 15. b3 Qb6 16. Nf1 Rfc8 17. Qd2 Bf8 18. Reb1 Nec6 (18... Nf5 $11) 19. Qf2 Nb4 {[%emt 0:04:20] [#] Hoping for ...Nc2.} 20. Ne1 {[%emt 0:02:03] Against Nc2} Nbc6 21. Nd3 b4 22. g4 Qb5 (22... Ne7 $142) 23. Rd1 $16 Nb7 24. Ng3 Ne7 {[%emt 0:01:06] Inhibits f5.} 25. h4 {[%emt 0:06:21][%cal Bh2h4,Bh4h5][%mdl 32] White is more active.} Rc3 {[%emt 0:03:07] [#]} (25... a5 $142) 26. Bf1 $1 Rbc8 (26... Qb6 $16) 27. Nc5 $1 $18 Qc6 28. Nxd7 Qxd7 29. Bd3 a5 30. h5 Bh6 (30... a4 $142) 31. Ne2 R3c7 32. Rf1 Qe8 (32... Bg7 $142 33. Qh4 Nd8) 33. f5 Bxe3 34. Qxe3 exf5 35. gxf5 Nxf5 (35... Kh8 $142 36. Qg5 Ng8 37. hxg6 fxg6 38. fxg6 Rg7) 36. Bxf5 gxf5 37. Rxf5 ({White has to play} 37. Qg5+ $18 Kf8 38. Ng3) 37... f6 (37... Kh8 $11 {keeps the balance.}) 38. Qf3 {[%emt 0:06:22] Threatens to win with Kh1.} ({Resist} 38. Rxf6 Qxh5 39. Kf2 Qh2+ 40. Ke1 Rc2 $16) 38... fxe5 39. Qxd5+ Kh8 40. Qxe5+ Qxe5 41. Rxe5 (41. dxe5 $16 {With the idea e6.} Rc5 42. Nd4) 41... Rc2 ({Better is} 41... Rf7 $11) 42. Kf2 $1 $14 Rd2 (42... a4 $14) 43. Ke3 $18 Rcc2 (43... Rb2 44. h6 Rd8) 44. Nf4 {[%emt 0:00:45] White is clearly winning.} Nd6 {[%emt 0:00:38] Against Re8+} 45. Rd5 Nf7 46. Rg1 {[%emt 0:02:25] Weighted Error Value: White=0.30/Black=0.41} 1-0

[Event "Rudolf Teschner GT 2022"]
[Site "Berlin"]
[Date "2022.05.27"]
[Round "4.4"]
[White "Strache, Michael"]
[Black "Tscheuschner, Georg"]
[Result "1/2-1/2"]
[ECO "A03"]
[WhiteElo "2302"]
[BlackElo "2150"]
[Annotator "TA"]
[PlyCount "85"]
[EventDate "2022.05.25"]
[EventType "swiss"]
[EventCountry "GER"]
[SourceTitle "playchess.com"]
[Source "ChessBase"]
[SourceQuality "1"]
[TimeControl "5400+30"]

1. f4 d5 2. Nf3 Nf6 3. g3 Bg4 4. Bg2 Nbd7 5. O-O c6 6. Qe1 {[%emt 0:12:07] [#] A03: Bird's Opening with 1...d5.} Qc7 $146 (6... Bxf3 $5 7. Rxf3 e5 $11) ({Predecessor:} 6... Bxf3 7. Rxf3 Qc7 8. d3 O-O-O 9. Nc3 e5 10. fxe5 Nxe5 11. Bh3+ Kb8 12. Rf5 Ka8 {½-½ (30) Nogatz,F (1635)-Fuchs,J (1930) Berlin 2007}) 7. d4 e6 8. c3 (8. c4 $5) 8... Bf5 9. Nbd2 Ne4 10. Ng5 Ndf6 11. Ngxe4 Nxe4 (11... dxe4 {feels hotter.} 12. h3 h5 13. b3 Rg8) 12. Nxe4 Bxe4 13. Bxe4 dxe4 14. f5 e5 (14... exf5 $11 {should be considered.} 15. Rxf5 Bd6) 15. Be3 $14 Bd6 16. Qb1 O-O-O {[%emt 0:02:07] [#] Threatens to win with ...exd4.} 17. Qxe4 exd4 18. Bxd4 Rhe8 19. Qf3 Qe7 $2 (19... Be5 $14) 20. f6 $18 (20. Bxa7 Qxe2 21. Qxe2 Rxe2 $14) (20. Bxg7 Bc5+ 21. Bd4 Bxd4+ 22. cxd4 Rxd4 $11) 20... Qxe2 (20... Qe6 $142 21. fxg7 c5) 21. fxg7 Qxb2 (21... Qxf3 $142 22. Rxf3 Rg8 23. Rxf7 Rd7) 22. Qxf7 Re2 23. Bf2 (23. g8=Q $2 Rg2+ 24. Kh1 Rxh2+ 25. Kg1 Qg2#) 23... Rxf2 24. Qxf2 Qxc3 (24... Qxf2+ 25. Kxf2 Rg8) 25. Qf5+ Kb8 26. Qg4 (26. Qf7 $142) 26... Rg8 27. Rf8+ $2 Bxf8 $16 (27... Rxf8 $2 28. gxf8=Q+ Bxf8 29. Qf4+ Kc8 30. Qxf8+ $18) 28. Qf4+ Bd6 $1 29. Qxd6+ {[%emt 0:00:23][%mdl 4096] Endgame KQR-KQR} Kc8 30. Qe6+ Kc7 31. Qf7+ (31. Qxg8 $6 Qe3+ 32. Kg2 Qe2+ 33. Kh1 Qf3+ 34. Kg1 Qe3+ 35. Kg2 Qe2+ 36. Kh3 Qh5+ 37. Kg2 Qe2+ $11) 31... Kb6 32. Qxg8 ({White should play} 32. Rb1+ $16 Ka5 33. Qc7+ (33. Qxg8 Qe3+ 34. Kg2 Qe2+ 35. Kg1 Qe3+ 36. Kh1 Qe4+ 37. Kg1 Qe3+ $11) (33. Qxb7 Rxg7 34. Qb8 Qd4+ 35. Kg2 Re7 $11) 33... Ka4 34. Qf4+ (34. Qxb7 Qe3+ 35. Kf1 Qd3+ 36. Kf2 Qd2+ 37. Kg1 Qe3+ 38. Kh1 Qe4+ 39. Kg1 Qe3+ $11) 34... Ka5 35. Rc1 (35. Rxb7 Rxg7 36. Qf5+ Ka6 $11) (35. Qc7+ Ka4 $16) 35... Qxg7 36. Qe3) 32... Qe3+ $1 $11 {[%emt 0:01:38] The position is equal.} 33. Kf1 $1 Qf3+ 34. Ke1 Qe3+ 35. Kd1 Qd3+ 36. Kc1 {[%emt 0:00:12] Threatening mate with Qb3+.} Qc3+ 37. Kb1 Qd3+ 38. Kb2 (38. Kc1 $5 Qe3+ 39. Kc2 Qe2+ 40. Kb3 Qd3+ 41. Ka4 (41. Kb2 Qd2+ 42. Kb1 Qe1+ 43. Kc2 Qe2+ 44. Kb3 Qe3+ 45. Kb4 Qe7+ 46. Kc4 Qe4+ 47. Kc3 Qe3+ 48. Kc4 Qe4+ 49. Kc3 Qe3+ 50. Kb4 Qc5+ 51. Kb3 Qe3+ 52. Kc4 Qe4+ $11) 41... Qd4+ 42. Kb3 Qe3+ 43. Kc4 Qe4+ 44. Kc3 (44. Kb3 Qe3+ 45. Kc4 Qe4+ 46. Kc3 Qe3+ 47. Kc4 $11) 44... Qe3+ 45. Kc4 Qe4+ 46. Kc3 (46. Kb3 Qe3+ 47. Kc4 $11) 46... Qe3+ 47. Kc4 $11) 38... Qd2+ 39. Ka3 {[%emt 0:00:29] White threatens Qc4 and mate.} Qd6+ 40. Ka4 {[%emt 0:01:02] White wants to mate with Rb1+.} Qd4+ 41. Kb3 Qd3+ 42. Kb2 {[%emt 0:00:40] Qb3+ would kill now.} Qd2+ 43. Kb3 {[%emt 0:00:05] Black escapes into a draw.  Weighted Error Value: White=0.51/Black=0.24 (precise)} 1/2-1/2

[Event "Rudolf Teschner GT 2022"]
[Site "Berlin"]
[Date "2022.05.27"]
[Round "4.6"]
[White "Gebigke, Martin"]
[Black "Langrock, Hannes"]
[Result "0-1"]
[ECO "D24"]
[WhiteElo "2081"]
[BlackElo "2351"]
[Annotator "TA"]
[PlyCount "66"]
[EventDate "2022.05.25"]
[EventType "swiss"]
[EventCountry "GER"]
[SourceTitle "playchess.com"]
[Source "ChessBase"]
[SourceQuality "1"]
[TimeControl "5400+30"]

1. d4 Nf6 2. c4 e6 3. Nf3 d5 4. Nc3 dxc4 5. e4 Bb4 6. Bxc4 {[%emt 0:01:49] D24: Queen's Gambit Accepted: 3 Nf3 Nf6 4 Nc3.} (6. Bg5 {seems wilder.} c5 7. Bxc4 cxd4 8. Nxd4 Qa5 9. Bxf6 Bxc3+ 10. Kf1) 6... Nxe4 7. O-O Nxc3 8. bxc3 {[%emt 0:00:10] The position is equal.} ({But not} 8. Qb3 Nd5 9. Bxd5 Qxd5 $17) 8... Be7 9. Bf4 O-O 10. Qc2 Nd7 11. Rfe1 b6 12. Bd3 {[%emt 0:05:10] [#]} Nf6 $146 ({Predecessor:} 12... g6 13. Be4 Rb8 14. Rad1 Bb7 15. d5 exd5 16. Bxd5 Bxd5 17. Rxd5 Bd6 18. Bxd6 cxd6 19. Rxd6 {½-½ (27) Peralta,F (2551)-Asis Gargatagli,H (2520) Barcelona 2017}) 13. Ne5 Bb7 14. Re3 Qd5 15. Rg3 Nh5 $1 16. Bxh7+ Kh8 17. Re1 Nxg3 $40 {[%emt 0:05:21][%mdl 128] Black goes for the king. Really sharp!} (17... Nxf4 18. Be4 Qd6 19. Bxb7 $18) 18. fxg3 {[%emt 0:00:06] [#] Threatens to win with Be4.} Qxg2+ 19. Qxg2 Bxg2 20. Bg6 Bd5 {[%emt 0:02:36] Strongly threatening ...f6.} 21. Nxf7+ Kg8 22. Ng5 Bxa2 23. Bh7+ (23. Nxe6 $142 Bxe6 24. Rxe6) 23... Kh8 $19 24. Be4 Bxg5 25. Bxg5 Bd5 26. Bg6 (26. Bd3 $142) 26... a5 27. Be7 Rf3 28. c4 Bxc4 29. Be4 {[%emt 0:00:59] [#]} Rf7 {[%emt 0:00:55] And now ...Bd5 would win.} 30. Bxa8 Rxe7 31. Bc6 Rf7 {[%emt 0:01:05] Hoping for ...b5.} 32. Be8 Rf8 33. Bd7 Rd8 {[%emt 0:00:24] Weighted Error Value: White=0.40/Black=0.03 (flawless)} 0-1

[Event "Rudolf Teschner GT 2022"]
[Site "Berlin"]
[Date "2022.05.28"]
[Round "5.1"]
[White "Florstedt, Johannes"]
[Black "Van den Doel, Erik"]
[Result "1/2-1/2"]
[ECO "C45"]
[WhiteElo "2365"]
[BlackElo "2581"]
[Annotator "TA"]
[PlyCount "37"]
[EventDate "2022.05.25"]
[EventType "swiss"]
[EventCountry "GER"]
[SourceTitle "playchess.com"]
[Source "ChessBase"]
[SourceQuality "1"]
[TimeControl "5400+30"]

1. e4 e5 2. Nf3 Nc6 3. d4 exd4 4. Nxd4 Nf6 5. Nxc6 bxc6 6. e5 Qe7 7. Qe2 Nd5 8. c4 Nb6 9. Nc3 Qe6 10. Qe4 g6 {[%emt 0:02:47] C45: Scotch Game.} 11. Bd2 Bg7 12. c5 $1 {[%emt 0:03:18] [#]  Weighted Error Value: White=0.00 (flawless) /Black=0.12 (very precise)} {Predecessor:} Nd5 $146 13. Bc4 Qxe5 14. Qxe5+ Bxe5 15. Bxd5 cxd5 16. O-O-O O-O 17. Nxd5 Rb8 18. Bc3 Bxc3 19. Nxc3 {1-0 (49) Yu,Y (2729)-Dominguez Perez,L (2739) Doha 2016} 1/2-1/2

[Event "Rudolf Teschner GT 2022"]
[Site "Berlin"]
[Date "2022.05.28"]
[Round "5.2"]
[White "Langrock, Hannes"]
[Black "Klenburg, Michael"]
[Result "1/2-1/2"]
[ECO "A49"]
[WhiteElo "2351"]
[BlackElo "2346"]
[Annotator "TA"]
[PlyCount "70"]
[EventDate "2022.05.25"]
[EventType "swiss"]
[EventCountry "GER"]
[SourceTitle "playchess.com"]
[Source "ChessBase"]
[SourceQuality "1"]
[TimeControl "5400+30"]

1. d4 d6 2. Nf3 Nf6 3. g3 g6 4. Bg2 Bg7 5. O-O O-O 6. b3 c5 7. Bb2 cxd4 8. Nxd4 d5 9. c4 dxc4 10. bxc4 Qb6 11. Qb3 {[%emt 0:03:30][%cal Ob1c3] A49: 1 d4 Nf6 2 Nf3 g6 3 g3: Anti-King's Indian systems.} Nfd7 12. e3 Nc6 {[%emt 0:04:07] [#]} (12... e5 $1 $11 {is more appropriate.} 13. Nc2 Nc5) 13. Na3 $146 {[%emt 0:10:21] White is slightly better.} (13. Nc3 $5 ) ({Predecessor:} 13. Rd1 Na5 14. Qc2 Nxc4 15. Qxc4 Qxb2 16. Nc3 Ne5 17. Qc7 Ng4 18. Ne4 Bxd4 19. exd4 Bf5 20. Qc3 Qxc3 21. Nxc3 {0-1 (38) Aravindh,C (2641)-Gukesh,D (2563) Chess.com INT 2020}) 13... Nxd4 (13... Nc5 {feels hotter.} 14. Qxb6 axb6 15. Nab5 Nb4) 14. exd4 Bxd4 15. Bxd4 Qxd4 16. Rfd1 Qf6 17. Nb5 Qb6 {[%emt 0:05:44] Inhibits Nc7.} 18. a4 a5 19. Rd5 Qf6 (19... Rb8 $11 {feels stronger.}) 20. Re1 (20. Rad1 $1 $14) 20... e6 ({Black should try} 20... Nb6 $11 21. Rc5 Rd8) 21. Rd6 (21. Rdd1 $14) 21... Rb8 22. Na7 {[%emt 0:07:15][%mdl 1024] White has compensation.} Nc5 23. Qb5 Qc3 24. Rb1 Qc2 {[%emt 0:06:36][%cal Oc8d7] [#] Hoping for ...Bd7!} 25. Ra1 Ne4 (25... Qc3 $5 26. Rad1 b6 $11) 26. Bxe4 {[%emt 0:02:29] Active counter play!} Qxe4 27. c5 Ra8 28. Nxc8 Rfxc8 29. Rd7 $1 Qc6 30. Rb1 Ra7 (30... Rab8 {is more complex.} 31. Qxc6 bxc6 32. Rxb8 Rxb8 33. Ra7 Rb1+) 31. Qxc6 Rxc6 32. Rbxb7 (32. Rd8+ $11 {keeps the balance.} Kg7 33. Rb5) 32... Rxb7 $17 33. Rxb7 Rxc5 {[%emt 0:00:04] [#] And now ...Rc4 would win.} 34. Rb5 Rc1+ (34... Rd5 $17 {...Kg7 is the strong threat.} 35. Rb8+ Kg7) 35. Kg2 $11 Ra1 {[%emt 0:00:09] Weighted Error Value: White=0.17 (very precise) /Black=0.21 (precise)} 1/2-1/2

[Event "Rudolf Teschner GT 2022"]
[Site "Berlin"]
[Date "2022.05.28"]
[Round "5.3"]
[White "Tscheuschner, Georg"]
[Black "Brustkern, Juergen"]
[Result "1/2-1/2"]
[ECO "D07"]
[WhiteElo "2150"]
[BlackElo "2179"]
[Annotator "TA"]
[PlyCount "75"]
[EventDate "2022.05.25"]
[EventType "swiss"]
[EventCountry "GER"]
[SourceTitle "playchess.com"]
[Source "ChessBase"]
[SourceQuality "1"]
[TimeControl "5400+30"]

1. Nf3 d5 2. e3 Nc6 3. d4 Bg4 4. c4 e5 5. Qb3 Bxf3 6. gxf3 Nge7 {[%emt 0:00:06] D07: Queen's Gambit: Chigorin Defence.} (6... exd4 7. cxd5 Ne5 8. exd4 $16) 7. Nc3 (7. Qxb7 Rb8 8. Qa6 exd4 $15) 7... exd4 8. Nxd5 Rb8 {[%emt 0:00:11] [#]} (8... Qd6 $14) 9. Bd2 $1 $16 {[%emt 0:10:26] White is more active.} Ng6 (9... b5 $16) 10. exd4 (10. f4 $18) 10... Nxd4 $14 11. Qe3+ (11. Qc3 $1 $14 Ne6 12. f4) 11... Ne6 $11 {[%emt 0:00:08] [#]} 12. O-O-O $146 {[%emt 0:24:31] And now f4 would win.} ({Predecessor:} 12. f4 Bc5 13. Qe2 O-O 14. O-O-O Qh4 15. f5 Nd4 16. Qd3 Ne5 17. Qc3 c6 18. Be3 cxd5 19. Bxd4 {1-0 (28) Polushkina,S (2084)-Prueske,W Dortmund 1999}) 12... Bc5 (12... c6 $1 $15 13. Qe4 Bd6) 13. Qe4 O-O 14. h4 $1 {[%emt 0:05:18][%cal Bh2h4,Bh4h5][%mdl 32] h5 is the strong threat.} c6 (14... Bxf2 $2 15. h5 c6 16. hxg6 cxd5 17. gxf7+ (17. cxd5 Ng5 $18) (17. gxh7+ Kh8 $16) 17... Kxf7 18. cxd5 $18) 15. h5 cxd5 16. cxd5 Ng5 17. Qg4 Ne5 (17... Qxd5 $2 18. hxg6 (18. Bxg5 Be3+ 19. Bxe3 Rbc8+ 20. Bc4 Qxc4+ 21. Qxc4 Rxc4+ 22. Kb1 Ne5 $16) (18. Qxg5 Qxa2 19. Bc3 Ba3 $15) 18... Qxf3 {[#]} 19. Qxg5 $1 $18 (19. gxh7+ Kh8 $16)) 18. Qxg5 Qxg5 (18... Nxf3 $11 {remains equal.} 19. Qxd8 Rbxd8) 19. Bxg5 $16 f6 20. Bf4 Bd6 21. Bh3 (21. Kb1 $16) 21... g5 (21... Nd3+ $1 $14 22. Rxd3 Bxf4+ 23. Kb1 Bd6) 22. Be6+ Kh8 23. Bg3 Rbd8 24. f4 Nf7 25. Rd4 h6 26. Rhd1 Kg7 27. R1d3 Rfe8 28. fxg5 hxg5 29. Bxf7 ({White should play} 29. Kc2 $16) 29... Kxf7 $11 30. Rc4 f5 (30... Re7 $11) 31. Bxd6 $16 Rxd6 {[%emt 0:00:06][%mdl 4096] Endgame KRR-KRR} 32. Rc7+ Re7 33. Rxe7+ Kxe7 34. Rc3 (34. Rb3 $16) 34... Kd7 35. Rg3 g4 {[%emt 0:00:47] The position is equal.} 36. f3 Rxd5 37. Kc2 gxf3 38. Rxf3 {[%emt 0:00:04] Blacks defense is rewarded with a draw.  Weighted Error Value: White=0.23 (precise) /Black=0.26 (precise)} 1/2-1/2

[Event "Rudolf Teschner GT 2022"]
[Site "Berlin"]
[Date "2022.05.28"]
[Round "5.4"]
[White "Solberg, Joachim"]
[Black "Tschernatsch, Johannes"]
[Result "0-1"]
[ECO "B22"]
[WhiteElo "2189"]
[BlackElo "2358"]
[Annotator "TA"]
[PlyCount "56"]
[EventDate "2022.05.25"]
[EventType "swiss"]
[EventCountry "GER"]
[SourceTitle "playchess.com"]
[Source "ChessBase"]
[SourceQuality "1"]
[TimeControl "5400+30"]

1. e4 c5 2. c3 Nf6 3. e5 Nd5 4. Nf3 Nc6 5. d4 cxd4 6. cxd4 d6 7. exd6 Qxd6 8. Nc3 g6 9. Bc4 Nxc3 {[%emt 0:00:59] B22: Sicilian: 2 c3.} 10. bxc3 Be6 {[%emt 0:00:42] [#]} 11. Qb3 $146 {[%emt 0:04:24] [#] Hoping for d5.} ({Predecessor:} 11. Bxe6 Qxe6+ 12. Be3 Qc4 13. Qb3 Qxb3 14. axb3 Bg7 15. O-O O-O 16. d5 Ne5 17. Nxe5 Bxe5 {½-½ (58) Zhuravlev,A (1860)-Breskanu,N (2104) Bryansk 2019}) 11... Bxc4 {[%emt 0:01:59] Black is slightly better.} 12. Qxc4 Bg7 13. O-O O-O 14. Qb3 b6 15. Ba3 Qd7 16. Rfe1 Rac8 17. Rad1 Rfd8 18. Qa4 {[%emt 0:02:23] [#]} e6 $1 19. Qa6 Nb8 20. Qd3 Qa4 21. Be7 Rd5 22. Ne5 $2 {[%emt 0:01:15] Now White is beyond hope.} (22. h3 $15) 22... Rc7 23. Bb4 a5 (23... Bxe5 $142 24. Rxe5 Rd8) 24. c4 $19 Rd8 25. Ba3 Bxe5 26. Rxe5 Rxc4 ({Stronger than} 26... Qxc4 27. Rb5 $17) 27. Bb2 Nc6 ({But not} 27... Qxa2 $2 28. Re2 $19) 28. Re4 Qc2 {[%emt 0:01:29] Weighted Error Value: White=0.49/Black=0.11 (very precise)} ({Wrong is} 28... Qxa2 $2 29. Re2 $19) 0-1

[Event "Rudolf Teschner GT 2022"]
[Site "Berlin"]
[Date "2022.05.28"]
[Round "5.5"]
[White "Spiess, Gunter"]
[Black "Eilenberg, Jonas"]
[Result "1-0"]
[ECO "D59"]
[WhiteElo "2388"]
[BlackElo "2149"]
[Annotator "TA"]
[PlyCount "115"]
[EventDate "2022.05.25"]
[EventType "swiss"]
[EventCountry "GER"]
[SourceTitle "playchess.com"]
[Source "ChessBase"]
[SourceQuality "1"]
[TimeControl "5400+30"]

1. d4 d5 2. c4 e6 3. Nf3 Nf6 4. Nc3 Be7 5. Bg5 h6 6. Bh4 O-O 7. e3 b6 8. Rc1 Bb7 9. Bd3 c5 10. cxd5 Nxd5 11. Bxe7 Qxe7 12. Nxd5 exd5 13. dxc5 {[%emt 0:00:40] D59: Queen's Gambit Declined: Tartakower Defence: Main line (8 cxd5 Nxd5).} bxc5 14. O-O a5 {[%emt 0:15:20] [#]} 15. Qa4 $146 {[%emt 0:07:59] The position is equal.} ({Predecessor:} 15. Qc2 c4 16. Be2 a4 17. Rfd1 Na6 18. Qc3 Nc5 19. Qa3 Rfe8 20. Nd4 Ra6 21. Rc2 {0-1 (65) Laine,E (1797)-Ylipartanen,J (2063) ICCF email 2017}) 15... Nd7 16. Rfd1 Rfd8 17. Qf4 Nf8 18. Bf5 d4 19. exd4 Bxf3 (19... Qf6 $5 ) 20. Qxf3 cxd4 21. g3 Qf6 22. Rc6 Qe5 23. b3 {[%emt 0:05:53] 0x0.0024f7dd5975dp-1022s more active pieces.} Ra7 24. Rdc1 Re8 (24... g6 $14 25. Bd3 Ne6) 25. R1c5 Qe2 26. Qxe2 Rxe2 27. a4 (27. Rc2 $14 Rae7 28. Kg2) 27... Rb2 {[%emt 0:02:15] [#]} (27... Rd2 $11 {keeps the balance.}) 28. Rd6 ({White should try} 28. Rb5 $1 $16) 28... Rxb3 29. Rxd4 g6 30. Bc2 Rbb7 31. Rdd5 Rc7 32. Bb3 Rxc5 33. Rxc5 $14 {[%emt 0:00:01][%mdl 4096] Endgame KRB-KRN} Nd7 34. Rb5 Kf8 35. f4 Ke7 36. Kf2 f6 {[%emt 0:01:31] Black is now going downhill.} (36... Nf6 $14) 37. Ke3 $16 Kd6 38. Kd4 Ra8 39. Bc2 f5 40. Bd1 Ra6 41. Be2 {[%emt 0:00:38] Hoping for Rd5+.} Ra7 (41... Ke7 $16 {was necessary.}) 42. Bc4 (42. Rd5+ $18 Ke7 43. Rb5) 42... Kc7 {[%emt 0:00:47] [#]} (42... Ke7 $16) 43. h4 $1 $18 Ra6 $2 (43... h5 44. Rd5 Nb6) 44. Rxf5 gxf5 (44... Rd6+ $142 45. Rd5 Rxd5+ 46. Bxd5 Nb6) 45. Bxa6 {[%emt 0:00:02] KB-KN. White is clearly winning.} Kd6 46. Bd3 Nc5 47. Bc2 Ne6+ 48. Kc4 Ng7 49. Bd1 {[%emt 0:00:55] Threatens to win with Kb5.} Ne6 50. Kb5 Nd4+ 51. Kxa5 {[%emt 0:00:16] Black must now prevent Kb6.} Kc5 52. Ka6 Nc6 53. Kb7 {[%emt 0:00:50] And now Kc7 would win.} Nb4 54. a5 Kd4 {[%emt 0:00:17] [#]} 55. Bc2 $1 Ke3 (55... Nxc2 56. a6) 56. Bxf5 Kf3 57. g4 ({Weaker is} 57. a6 Nxa6 58. Bc2 (58. Kxa6 Kxg3 59. Bg6 Kxf4 $11) 58... Nb4 $18) 57... Kxf4 58. h5 {[%emt 0:00:20] Weighted Error Value: White=0.11 (very precise) /Black=0.29 (precise)} 1-0

[Event "Rudolf Teschner GT 2022"]
[Site "Berlin"]
[Date "2022.05.28"]
[Round "5.6"]
[White "Paulsen, Dirk"]
[Black "Krefenstein, Sergej"]
[Result "1/2-1/2"]
[ECO "C00"]
[WhiteElo "2309"]
[BlackElo "2103"]
[Annotator "TA"]
[PlyCount "135"]
[EventDate "2022.05.25"]
[EventType "swiss"]
[EventCountry "GER"]
[SourceTitle "playchess.com"]
[Source "ChessBase"]
[SourceQuality "1"]
[TimeControl "5400+30"]

1. e4 e6 2. Nc3 d5 3. d3 Nf6 4. e5 Nfd7 5. Nf3 c5 6. Bf4 {[%emt 0:01:34] C00: French: Unusual White 2nd moves.} Nc6 7. g3 Be7 {[%emt 0:02:57] White must now prevent ...g5.} 8. h4 {[%emt 0:00:07] Against g5. Black is slightly better.} a6 9. Bh3 b5 {[%emt 0:05:10][%cal Bb7b5,Bb5b4][%mdl 32] [#]} 10. Qe2 $146 ({Predecessor:} 10. O-O Bb7 11. Re1 h6 12. Nh2 b4 13. Na4 Qa5 14. c4 dxc4 15. dxc4 O-O-O 16. b3 {0-1 (34) Belenkaya,D (2360)-Chernyak,V (2230) St Petersburg 2019}) 10... b4 11. Nb1 a5 12. Nbd2 Ba6 13. c4 {[%emt 0:01:04] cxd5 is the strong threat.} bxc3 14. bxc3 h6 15. h5 Rb8 16. O-O O-O 17. c4 Nb6 18. Rfc1 dxc4 19. dxc4 Nd4 (19... Nd5 $1 $17 20. Qe4 Nxf4 21. Qxf4 Qc7) 20. Qe3 Nxf3+ 21. Qxf3 Qd7 (21... Bg5 {was preferrable.}) 22. Bg2 $11 Rfd8 23. Qg4 {[%emt 0:00:50] Threatens to win with Bxh6.} Kh8 24. Be4 Qd4 25. Qe2 {[%emt 0:00:40] [#]} (25. Be3 $11 Qb2 26. Qf3) 25... Bb7 $2 (25... Nxc4 $1 $15 {stays ahead.} 26. Nxc4 Rb4) 26. Bxb7 $16 Rxb7 27. Nb3 Qd7 28. Nxa5 {[%emt 0:00:15] Strongly threatening Rd1.} Ra7 29. Nb3 Qc6 30. Nd2 Ra4 31. Rc2 Rd7 32. Kh2 Rda7 33. Ne4 Ra8 (33... Nxc4 $11 34. Rxc4 Rxc4 35. Qxc4 Ra4) 34. f3 Rb4 35. g4 Raa4 36. Rac1 Nd7 (36... Qc7 $16) 37. Qd3 (37. g5 $1 $18 {[%cal Rg5h6] and the rest is easy.} hxg5 38. Bxg5 Bxg5 39. Nxg5) 37... f6 {[%emt 0:03:35] [#]} (37... Qc7 $142) 38. Rd1 (38. exf6 $142 $1 Nxf6 39. Nf2 (39. a3 Rb7 $14)) 38... Rb7 39. exf6 Nxf6 40. Nc3 {[%emt 0:03:48] White is more active.} (40. Re1 $16) 40... Rd7 (40... Rxc4 $1 $11 41. Qxc4 Rb4) 41. Qe2 Rxd1 42. Nxd1 Bd6 43. Bxd6 Qxd6+ 44. Kg2 Qc6 45. Rd2 Ra8 46. Nf2 Kg8 47. Qe3 Re8 48. Qe5 Nd7 49. Qe4 Qc7 50. Nd3 {[%emt 0:00:18] Prevents Ne5.} Nf6 51. Qe5 Qa5 (51... Qd7 $142 52. a3 (52. Qxc5 e5 $14) 52... Qd8) 52. Re2 Nd7 (52... Qa8 $142 53. g5 (53. Nxc5 Nxg4 54. Qd6 Nf6 $16) 53... Nd7) 53. Qd6 $18 Qa7 (53... Nf8 {was necessary.} 54. Kg3 (54. Qxc5 Qxc5 55. Nxc5 Rc8 $18) 54... Qc3) 54. Rxe6 Qxa2+ (54... Rf8 $142 55. Qd5 Kh8) 55. Nf2 Nf6 56. Rxe8+ Nxe8 57. Qxc5 {[%emt 0:00:11][%mdl 4096] Endgame KQN-KQN} Qd2 58. Qe7 Nf6 59. c5 Nd5 60. Qe8+ Kh7 {[%emt 0:00:06] [#]} 61. Qe4+ $1 Kg8 62. Kg3 Ne3 63. Qe8+ Kh7 64. Qg6+ Kg8 65. Qe6+ Kh7 66. Qe4+ Kg8 $1 67. c6 $2 ({Don't play} 67. Qe8+ Kh7 68. Qe4+ Kg8 $18) ({Better is} 67. Qd3 $18 Qe1 68. Qd4) 67... Nf1+ $11 68. Kg2 {[%emt 0:00:25] Weighted Error Value: White=0.20 (precise) /Black=0.31} 1/2-1/2